 Dungeon Crawl Stone Soup version 0.28-a0-1513-ge4f4046303 (webtiles) character file.

Game seed: 17616266536205142293

14823 CannotBeFrozen the Fighter (level 11, -9/108 HPs)
             Began as a Demigod Fighter on Jan 5, 2022.
             Mangled by a centaur warrior (12 damage)
             ... on level 12 of the Dungeon on Jan 16, 2022.
             The game lasted 01:05:18 (14298 turns).

CannotBeFrozen the Fighter (Demigod Fighter)       Turns: 14298, Time: 01:05:19

Health: -9/108     AC: 12    Str: 28    XL:     11   Next: 62%
Magic:  14/14      EV: 11    Int: 14    God:
Gold:   754        SH:  0    Dex: 13    Spells: 10/10 levels left

rFire   + + .      SeeInvis +   a - +6 mace "Waneschic" {flame, Str+3}
rCold   x . .      Faith    .   u - orb {mayhem}
rNeg    . . .      Spirit   .   m - +3 scale mail {rF+}
rPois   .          Reflect  .   p - +0 helmet
rElec   .          Harm     .   q - scarf {shadows}
rCorr   +          Rampage  .   O - +0 pair of gloves
Will    +....                   (no boots)
Stlth   +.........              I - amulet "Failus" {Regen+ SInv}
HPRegen 1.08/turn               y - ring of resist corrosion
MPRegen 0.14/turn               k - ring of fire

@: no status effects
A: high mp 1, forlorn, divine attributes
a: no special abilities


You were on level 12 of the Dungeon.
You visited 2 branches of the dungeon, and saw 13 of its levels.

You collected 754 gold pieces.

Inventory:

Hand Weapons
 a - the +6 mace "Waneschic" (weapon) {flame, Str+3}
   (You found it on level 6 of the Dungeon)

   It burns those it strikes, dealing additional fire damage.
   Str:       It affects your strength (+3).
 s - a +3 scimitar of flaming
 t - a +2 dagger of venom
 w - a +1 whip of venom
 A - a +3 vorpal flail
 D - a +3 dire flail
 H - a +2 whip of flaming
Missiles
 g - 14 boomerangs
 x - 60 poisoned darts (quivered)
 C - 28 sling bullets
 P - 2 throwing nets {=f =F}
 S - 2 atropa-tipped darts {=f =F}
Armour
 m - a +3 scale mail of fire resistance (worn)
 p - a +0 helmet (worn)
 q - a scarf of shadows (worn)
 u - an orb of mayhem (worn)
 G - a +2 scale mail of cold resistance
 O - a +0 pair of gloves (worn)
Jewellery
 k - a ring of fire (right hand)
 r - a ring of magical power
 y - a ring of resist corrosion (left hand)
 I - the amulet "Failus" (around neck) {Regen+ SInv}
   (You took it off an orc priest on level 7 of the Dungeon)

   [amulet of regeneration]

   SInv:      It lets you see invisible.
   Regen:     It increases your rate of health regeneration.
 N - a ring of wizardry
Wands
 b - a wand of polymorph (4)
 F - a wand of flame (19)
 T - a wand of charming (3)
Scrolls
 e - 2 scrolls of identify {@r1}
 i - 2 scrolls of enchant armour
 n - 4 scrolls of fog
 o - a scroll of magic mapping
 z - 2 scrolls of amnesia
 J - a scroll of immolation
 K - a scroll of blinking
 M - a scroll of teleportation {@r2}
 Q - 3 scrolls of holy word
Potions
 d - 4 potions of might
 f - 4 potions of curing {@q1}
 v - 2 potions of brilliance
 B - a potion of attraction {unknown}
 E - a potion of ambrosia {unknown}
 L - a potion of magic {unknown}
 R - a potion of mutation {unknown}


   Skills:
 + Level 13.7 Fighting
 - Level 3.0 Long Blades
 + Level 4.3(6.8) Axes
 + Level 8.3(8.8) Maces & Flails
 - Level 3.0 Throwing
 + Level 3.0 Armour
 + Level 3.0 Dodging
 - Level 4.3 Stealth
 - Level 3.0 Shields


You had 10 spell levels left.
You didn't know any spells.
Your spell library contained the following spells:

 Spells                   Type           Power      Damage    Failure   Level
 Summon Small Mammal      Summ           0%         N/A       52%         1
 Call Canine Familiar     Summ           0%         N/A       88%         3
 Summon Guardian Golem    Hex/Summ       0%         N/A       88%         3


Dungeon Overview and Level Annotations

Branches:
Dungeon (12/15)            Temple (0/1) D:4            Lair (1/6) D:10
    Orc (0/2) D:10

Shops:
D:5 :   D:8 *   D:10 *

Annotations:
D:7 Dowan
D:8 2 transporters, exclusion: 2 oklob plants, xoxolimbo's ghost, novice DsFE
D:9 3 runed translucent doors, Lavandula's ghost, novice FoTm


Innate Abilities, Weirdness & Mutations

You have an increased reservoir of magic. (+10% MP)
You shall have no god before yourself.
Your divine heritage dramatically boosts your attributes as you level up.


Message History

The centaur warrior hits you!
* * * LOW HITPOINT WARNING * * *
The centaur warrior kicks you but does no damage.
The centaur warrior hits you.
* * * LOW HITPOINT WARNING * * *
The centaur warrior barely misses you.
The orc wizard hits the centaur warrior with a +0 dagger.
HP: 18/108 (-21) ==---------- !
You feel much better.
The centaur warrior hits you but does no damage.
The centaur warrior closely misses you. The centaur warrior hits you!
* * * LOW HITPOINT WARNING * * *
The centaur warrior kicks you.
* * * LOW HITPOINT WARNING * * *
The orc wizard barely misses the centaur warrior.
You hit the centaur warrior but do no damage.
The centaur warrior is almost dead.
The centaur warrior hits you!
* * * LOW HITPOINT WARNING * * *
The centaur warrior kicks you but does no damage.
The centaur warrior barely misses you.
The centaur warrior kicks you but does no damage.
The orc wizard hits the centaur warrior with a +0 dagger.
HP: 27/108 (-7) ===--------- You hit the centaur warrior.
You burn the centaur warrior.
The centaur warrior is almost dead.
The centaur warrior hits you but does no damage.
The centaur warrior kicks you but does no damage.
The centaur warrior hits you!
* * * LOW HITPOINT WARNING * * *
The centaur warrior kicks you but does no damage.
HP: 20/108 (-7) ==---------- You hit the centaur warrior but do no damage.
The centaur warrior is almost dead.
The centaur warrior hits you!!
* * * LOW HITPOINT WARNING * * *
The centaur warrior kicks you but does no damage.
The orc wizard completely misses the centaur warrior.
The centaur warrior hits you!
You die...

##..## ##..... #.....
#.# ).).# #.# ... #.#
#)# #.# #o# ##.## ##c##
##...### ##.@.##
#......# ##.....##
##...#.# ##.......##
##.##[#
#.........####...#.#
+..>......+........####
#.........####......<.#
##..^....## #..##.##.#
##.....## #.###.##.#
##...## #.###(##.#


You could see an orc wizard (invisible) and a neutral centaur warrior (fast,
strong, insane).

Vanquished Creatures
  Gastronok (D:12)
  Erica (D:8)
  3 two-headed ogres
  Pikel (D:8)
  2 cyclopes (D:11)
  A black mamba (Lair:1)
  A gargoyle (D:10)
  2 cane toads (Lair:1)
  Maggie (D:7)
  An unseen horror (D:11)
  Psyche (D:10)
  2 kobold demonologists
  A komodo dragon (Lair:1)
  A troll (D:10)
  Prince Ribbit (D:5)
  A wraith (D:9)
  7 yaks (D:10)
  Sigmund (D:5)
  Eustachio (D:5)
  2 vampire mosquitoes (D:10)
  A basilisk (D:8)
  Edmund (D:5)
  Duvessa (D:7)
  3 acid dragons
  A water moccasin (D:7)
  3 orc warriors
  A swamp drake (D:10)
  A hornet zombie (D:9)
  A black bear (D:10)
  2 ice beasts
  A sky beast (D:5)
  3 ogres
  A lemure (D:8)
  3 centaurs
  A phantom (D:5)
  5 kobold brigands
  3 bullfrogs
  3 scorpions
  4 wights (D:10)
  8 howler monkeys
  5 centaur zombies
  3 jellies
  2 hounds
  A centaur skeleton (D:6)
  9 orc priests
  2 bullfrog skeletons
  3 iron imps (D:9)
  3 iguanas
  11 orc wizards
  3 killer bee zombies
  A hound skeleton (D:4)
  Robin (D:2)
  A howler monkey zombie (D:9)
  2 howler monkey skeletons (D:7)
  2 adders (D:3)
  3 white imps
  An ufetubus (D:6)
  A dart slug (D:1)
  30 orcs
  8 endoplasms
  6 giant cockroaches
  24 goblins
  9 hobgoblins
  3 jackals (D:2)
  2 quokkas
  6 ball pythons
  10 bats
  9 frilled lizards
  47 kobolds
  7 rats
294 creatures vanquished.

Vanquished Creatures (collateral kills)
  A kobold demonologist (D:11)
  An orc priest (D:12)
  An orc (D:12)
3 creatures vanquished.

Vanquished Creatures (others)
  3 orcs (D:10)
  4 fungi
  45 plants
52 creatures vanquished.

Grand Total: 349 creatures vanquished

Notes
Turn   | Place    | Note
-------+----------+-------------------------------------------
     0 | D:1      | CannotBeFrozen the Demigod Fighter began the quest for the
                  | Orb.
     0 | D:1      | Reached XP level 1. HP: 18/18 MP: 3/3
   191 | D:1      | Reached skill level 3 in Fighting
   301 | D:1      | Reached XP level 2. HP: 25/26 MP: 4/4
   809 | D:1      | Reached XP level 3. HP: 33/33 MP: 5/5
   979 | D:2      | Reached skill level 1 in Throwing
  1227 | D:2      | Noticed Robin
  1479 | D:2      | Killed Robin
  1480 | D:2      | Reached skill level 4 in Fighting
  1722 | D:3      | Reached XP level 4. HP: 40/40 MP: 6/6
  2527 | D:4      | Upgraded the game from 0.28-a0-1396-gdcb3f3653b to
                  | 0.28-a0-1429-gf3d713df7a
  2616 | D:4      | Reached XP level 5. HP: 43/47 MP: 7/7
  2671 | D:4      | Reached skill level 5 in Fighting
  2950 | D:4      | Found a staircase to the Ecumenical Temple.
  3830 | D:5      | Entered Level 5 of the Dungeon
  3830 | D:5      | Noticed Eustachio
  3830 | D:5      | Found Olinwyro's Book Emporium.
  3842 | D:5      | Killed Eustachio
  3843 | D:5      | Reached skill level 6 in Fighting
  3843 | D:5      | Reached XP level 6. HP: 57/57 MP: 8/8
  3996 | D:5      | Noticed Sigmund
  4009 | D:5      | Killed Sigmund
  4092 | D:5      | Reached skill level 7 in Fighting
  4092 | D:5      | Reached XP level 7. HP: 57/66 MP: 9/9
  4186 | D:5      | Noticed Prince Ribbit
  4204 | D:5      | Killed Prince Ribbit
  4205 | D:5      | Reached skill level 1 in Dodging
  4360 | D:5      | Reached skill level 1 in Stealth
  4684 | D:5      | Reached XP level 8. HP: 46/73 MP: 10/10
  5251 | D:6      | Noticed Edmund
  5285 | D:5      | Killed Edmund
  6167 | D:6      | Reached skill level 1 in Maces & Flails
  6227 | D:6      | Identified the +6 mace "Waneschic" {flame, Str+3}
  7119 | D:7      | Noticed a two-headed ogre
  7133 | D:7      | Noticed Duvessa
  7681 | D:7      | Identified the amulet "Failus" {Regen+ SInv}
  7978 | D:7      | Killed Duvessa
  7979 | D:7      | Reached XP level 9. HP: 62/81 MP: 11/11
  8076 | D:7      | Noticed Dowan
  8320 | D:7      | Reached skill level 5 in Maces & Flails
  8325 | D:7      | Reached skill level 8 in Fighting
  8539 | D:8      | Noticed Maggie
  8543 | D:8      | Noticed a two-headed ogre
  8564 | D:7      | Killed Maggie
  8792 | D:8      | Found Unop's Assorted Antiques.
  8870 | D:8      | Noticed Pikel
  8887 | D:8      | Killed Pikel
  8900 | D:8      | Noticed Erica
  8926 | D:8      | Killed Erica
  8927 | D:8      | Reached skill level 9 in Fighting
  9385 | D:8      | Noticed a two-headed ogre
  9387 | D:8      | Noticed an oklob plant
  9389 | D:8      | Noticed a centaur warrior
  9427 | D:8      | Noticed a two-headed ogre
  9617 | D:8      | Noticed a tengu conjurer
  9789 | D:8      | Noticed xoxolimbo's ghost (novice DsFE)
  9793 | D:8      | Noticed an oklob plant
  9802 | D:8      | Found a transporter.
  9805 | D:8      | Found a transporter.
 10485 | D:9      | Reached XP level 10. HP: 86/92 MP: 13/13
 10821 | D:9      | Found a runed translucent gate.
 10821 | D:9      | Found a runed translucent gate.
 10821 | D:9      | Noticed Lavandula's ghost (novice FoTm)
 10822 | D:9      | Found a runed translucent gate.
 11057 | D:9      | You fall into a shaft and drop 1 floor!
 11057 | D:10     | Entered Level 10 of the Dungeon
 11073 | D:10     | Reached skill level 10 in Fighting
 11150 | D:10     | Found Cejul's Neck Hole.
 11363 | D:10     | Noticed a two-headed ogre
 11412 | D:9      | Killed a two-headed ogre
 11413 | D:9      | Reached skill level 11 in Fighting
 12062 | D:10     | Found a staircase to the Lair.
 12274 | D:10     | Reached skill level 12 in Fighting
 12283 | D:10     | Found a staircase to the Orcish Mines.
 12564 | Lair:1   | Entered Level 1 of the Lair of Beasts
 12691 | Lair:1   | Reached XP level 11. HP: 89/105 MP: 14/14
 12708 | Lair:1   | Upgraded the game from 0.28-a0-1429-gf3d713df7a to
                  | 0.28-a0-1435-g82390b3a13
 12708 | Lair:1   | Upgraded the game from 0.28-a0-1435-g82390b3a13 to
                  | 0.28-a0-1444-g6c55d0bc0c
 12765 | Lair:1   | Identified the +4 dagger of Winter {freeze, rC- Int+3 Dex+8
                  | Stlth+}
 12929 | D:11     | Noticed Psyche
 13146 | D:10     | Reached skill level 13 in Fighting
 13183 | D:11     | Noticed a two-headed ogre
 13188 | D:10     | Upgraded the game from 0.28-a0-1444-g6c55d0bc0c to
                  | 0.28-a0-1513-ge4f4046303
 13221 | D:10     | Killed Psyche
 13255 | D:10     | Killed a two-headed ogre
 13256 | D:10     | Reached skill level 1 in Axes
 13992 | D:12     | Noticed a two-headed ogre
 13993 | D:12     | Noticed Gastronok
 14044 | D:11     | Killed a two-headed ogre
 14189 | D:12     | Killed Gastronok
 14284 | D:12     | Noticed a centaur warrior
 14298 | D:12     | HP: 3/108 [centaur warrior (18)]
 14298 | D:12     | Mangled by a centaur warrior

Illustrated notes

Levels and vault maps discovered:
D:1:      dpeg_arrival_boxorama, layout_basic, minmay_lizard_pond
D:2:      layout_rooms, minmay_strange_pillars, uniq_robin
D:3:      layout_basic, nzn_wu_jian_contemplation
D:4:      layout_basic, minmay_temple_entry_ruins
D:5:      layout_loops_ring, lemuel_crystal_altar, mainiacjoe_overflow_alcove_2,
          grunt_ministairs_9, nicolae_stop_n_shop_2, corexii_shack,
          uniq_prince_ribbit1, uniq_sigmund, uniq_eustachio
D:6:      kennysheep_kobold_camp, layout_basic, grunt_qazlal_sundering,
          nicolae_gozag_cash_rules_everything_around_me, uniq_edmund
D:7:      layout_basic, nicolae_ru_great_annihilating_truth, uniq_duvessa
D:8:      layout_layer_cave, nicolae_uskayaw_dance_studio, serial_shops, shop,
          nzn_ghost_randoct, uniq_pikel, uniq_erica, uniq_maggie
D:9:      layout_roguey, nicolae_yredelemnul_ghost_church, demons_altar,
          trog_hazing_becter, chequers_arboretum
D:10:     layout_gridville, kennysheep_little_box, amcnicky_altar_gilded,
          grunt_lair_entry_orc_guard_hut, erik_orc_1,
          nicolae_shop_sticking_my_neck_out
D:11:     layout_cave_pools, uniq_psyche
D:12:     layout_loops_corners, uniq_gastronok
Lair:1:   kb_forest_paths, layout_chaotic_city, chequers_serial_rivers_large_a

Skill      XL: |  1  2  3  4  5  6  7  8  9 10 11 |
---------------+----------------------------------+-----
Long Blades    | 2 3 |  3.0
Fighting       | 3 4 6 7 9 12 13 | 13.7
Throwing       | 1 2 3 |  3.0
Armour         | 3 |  3.0
Shields        | 3 |  3.0
Dodging        | 1 3 |  3.0
Stealth        | 4 |  4.3
Maces & Flails | 4 7 8 |  8.3
Axes           | 4 |  4.3

Action                   |  1- 3 |  4- 6 |  7- 9 | 10-12 || total
-------------------------+-------+-------+-------+-------++-------
Melee: Long sword        |    19 |    16 |    24 |       ||    59
       Mace              |   111 |    18 |   218 |   298 ||   645
       Dagger            |       |    79 |    70 |       ||   149
       Flail             |       |       |    45 |       ||    45
       Whip              |       |       |    25 |    54 ||    79
       Dire flail        |       |       |       |    24 ||    24
 Fire: Hunting sling     |       |     6 |    12 |     2 ||    20
Throw: Dart              |       |       |    37 |    47 ||    84
Evoke: Wand              |       |     4 |       |     1 ||     5
  Use: Scroll            |       |    11 |     4 |     6 ||    21
       Potion            |       |       |     1 |     2 ||     3
 Stab: Paralysed         |       |    11 |     1 |       ||    12
Armor: Scale mail        |   102 |    52 |   166 |   175 ||   495
       Skin              |       |       |     7 |       ||     7
       Animal skin       |       |       |       |     1 ||     1
Dodge: Dodged            |    91 |    49 |   171 |   245 ||   556
Block: Buckler           |    44 |    17 |    68 |    55 ||   184

Table legend: (Time is in decaauts)
 A = Elapsed time spent in this place.
 B = Non-inter-level travel time spent in this place.
 C = Inter-level travel time spent in this place.
 D = Time resting spent in this place.
 E = Time spent auto-exploring this place.
 F = Levels seen in this place.
 G = Mean time per level.
                   A        B        C        D        E       F      G
               +--------+--------+--------+--------+--------+-----+--------+
         Total |  14408 |  13876 |    532 |   3165 |   6293 |  13 | 1108.3 |
       Dungeon |  14111 |  13589 |    522 |   3039 |   6293 |  12 | 1175.9 |
          Lair |    297 |    287 |     10 |    126 |      0 |   1 |  297.0 |
               +--------+--------+--------+--------+--------+-----+--------+

Top non-repeatable levels by time:
     D:6: 2258 daAuts
    D:10: 1636 daAuts
     D:8: 1589 daAuts
     D:5: 1526 daAuts
     D:4: 1312 daAuts
     D:7: 1205 daAuts
     D:1: 1148 daAuts
     D:9: 975 daAuts
    D:11: 818 daAuts
     D:3: 810 daAuts
     D:2: 619 daAuts
  Lair:1: 297 daAuts
    D:12: 209 daAuts
